 Dungeon Crawl Stone Soup version 0.31.0-11-ge490571c62 (webtiles) character file.

Game seed: 3398420023187472718

35 Gadfly the Ruffian (level 3, 0/26 HPs)
             Began as a Demonspawn Shapeshifter on Jan 27, 2024.
             Killed by divine providence
             ... invoked by an orc priest
              (12 damage)
             ... on level 2 of the Dungeon.
             The game lasted 00:01:12 (868 turns).

Gadfly the Ruffian (Demonspawn Shapeshifter)         Turns: 868, Time: 00:01:13

Health: 0/26       AC:  6    Str: 16    XL:     3   Next: 17%
Magic:  3/3        EV: 12    Int: 10    God:
Gold:   106        SH:  4    Dex: 12    Spells: 2/2 levels left

rFire   . .          .
                       - Unarmed
rCold   . . .        (no shield)
rNeg    . . .        a - +0 animal skin
rPois   .            (helmet currently unavailable)
rElec   .            (cloak currently unavailable)
rCorr   .            (gloves currently unavailable)
SInv    .            (boots currently unavailable)
Will    .....        (no amulet)
Stlth   +            (no ring)
HPRegen 0.24/turn    (no ring)
MPRegen 0.08/turn

%: no passive effects
@: beast-form
A: beast (slay +1), icemail 1, condensation shield
a: Begin Untransformation


You were on level 2 of the Dungeon.
You were a hulking beast.
You visited 1 branch of the dungeon, and saw 2 of its levels.

You collected 106 gold pieces.

Inventory:

Armour
 a - a +0 animal skin (worn)
Talismans
 c - a beast talisman
 d - a flux talisman
Scrolls
 f - a scroll of poison
Potions
 b - a potion of lignification
 e - a potion of enlightenment
 g - a potion of curing {unknown}
 i - a potion of degeneration {unknown}


   Skills:
 + Level 1.3 Fighting
 * Level 2.3 Dodging
 + Level 2.9 Unarmed Combat
 * Level 1.5 Evocations
 + Level 2.8 Shapeshifting


You had 2 spell levels left.
You didn't know any spells.
Your spell library contained the following spells:

 Spells                   Type           Power      Damage    Failure   Level
 Ensorcelled Hibernation  Hex/Ice        0%         N/A       50%         2
 Call Canine Familiar     Summ           0%         N/A       75%         3
 Fugue of the Fallen      Necr           0%         N/A       75%         3
 Sigil of Binding         Hex            0%         N/A       75%         3
 Anguish                  Hex/Necr       0%         N/A       98%         4
 Dimensional Bullseye     Hex/Tloc       0%         N/A       98%         4


Dungeon Overview and Level Annotations

Branches:
Dungeon (2/15)

Altars:

Shops:
D:1 [


Innate Abilities, Weirdness & Mutations

You are a hulking beast.
Your limbs bulge with bestial killing power. (Slay +1)
A meltable icy envelope protects you from harm. (AC +4)
A meltable shield of frost defends you. (SH +4)


Message History

You climb downwards.
Found 5 gold pieces.
There is a stone staircase leading up here.
You now have 106 gold pieces (gained 5). 2 orcs come into view.
There are monsters nearby!
There are monsters nearby!
A goblin comes into view. It is wielding a +0 club.
The goblin shouts!
You hear a shout!
The orc shouts!
You hear a shout!
An orc priest comes into view. It is wielding a +0 mace.
An orc priest comes into view. It is wielding a +0 dagger.
You hear a shout!
A rat comes into view.
You hit the goblin.
You kill the goblin!
Things that are here:
a +0 club; a goblin corpse The orc hits you with a +0 dagger.
The orc priest calls down the wrath of Beogh upon you.
Beogh smites you! The orc attacks as it pursues you!
The orc hits you but does no damage.
Things that are here:
a +0 club; a goblin corpse The rat squeaks loudly.
The orc attacks as it pursues you! The orc closely misses you.
You barely miss the orc. You hit the orc.
The orc is heavily wounded.
The orc hits you with a +0 dagger.
You are too injured to fight recklessly!
You are too injured to fight recklessly!
You are too injured to fight recklessly!
You are too injured to fight recklessly!
You are too injured to fight recklessly!
There is a stone staircase leading up here.
You hit the orc but do no damage.
The orc is moderately wounded.
The orc priest mumbles some strange prayers to Beogh against you.
Beogh smites you!
You die...

## ####.. #...
#####.#
##o.ooh#
#..##### ##)##
#o.# #.## #
###.# #.#.r.#
#r.o###
#.............


You could see an orc priest and 2 orcs.

Vanquished Creatures
  A dart slug (D:1)
  2 ball pythons (D:1)
  4 endoplasms (D:1)
  2 goblins
  3 hobgoblins (D:1)
  3 jackals (D:1)
  3 kobolds (D:1)
  4 quokkas (D:1)
  4 bats (D:1)
  3 rats (D:1)
29 creatures vanquished.

Notes
Turn   | Place    | Note
-------+----------+-------------------------------------------
     0 | D:1      | Gadfly the Demonspawn Shapeshifter began the quest for the
                  | Orb.
     0 | D:1      | Reached XP level 1. HP: 15/15 MP: 1/1
    33 | D:1      | Gained mutation: A meltable shield of frost defends you.
                  | (SH +4) [demonic ancestry]
    33 | D:1      | Reached XP level 2. HP: 18/21 MP: 2/2
   259 | D:1      | Reached skill level 1 in Evocations
   288 | D:1      | Found Peleunk's Antique Armour Shoppe.
   516 | D:1      | Gained mutation: A meltable icy envelope protects you from
                  | harm. (AC +4) [demonic ancestry]
   516 | D:1      | Reached XP level 3. HP: 26/26 MP: 3/3
   868 | D:2      | Killed from afar by an orc priest

Illustrated notes

Levels and vault maps discovered:
D:1:      evilmike_arrival_plus, layout_rooms, serial_shops, shop,
          chequers_serial_rivers_room_a, minmay_quantized
D:2:      layout_rooms, basic_altar

Skill      XL: |  1  2 |
---------------+-------+-----
Dodging        | 2 |  2.3
Evocations     | 1 |  1.5
Fighting       | |  1.3
Unarmed Combat | |  2.9
Shapeshifting  | |  2.8

Action                     || total
---------------------------++-------
  Melee: Unarmed           ||    85
         Punch             ||     1
    Use: Scroll            ||     4
 Armour: Animal skin       ||    36
  Dodge: Dodged            ||    45
  Block: Other             ||    10
